 Dungeon Crawl Stone Soup version 0.25-a0-577-ga4619f4 (webtiles) character file.

Game seed: 15326242736902058789, levelgen mode: deterministic

59 Faels the Skirmisher (level 3, -2/29 HPs)
             Began as a Demonspawn Fighter on Mar 2, 2020.
             Slain by a gnoll
             ... wielding a +0 flail
              (10 damage)
             ... on level 1 of the Dungeon.
             The game lasted 00:04:52 (1631 turns).

Faels the Skirmisher (Demonspawn Fighter)           Turns: 1631, Time: 00:04:52

Health: -2/29      AC:  8    Str: 19    XL:     3   Next: 78%
Magic:  0/3        EV:  7    Int:  9    God:
Gold:   118        SH:  9    Dex: 13    Spells: 2/2 levels left

rFire    . . .     SeeInvis .   a - +0 long sword
rCold    + . .     Gourm    .   c - +0 kite shield
rNeg     . . .     Faith    .   b - +0 scale mail
rPois    .         Spirit   +   q - +0 helmet
rElec    .         Reflect  .   k - scarf {Spirit}
rCorr    .         Harm     .   n - +0 pair of gloves
MR       .....                  (no boots)
Stlth    ..........             (no amulet)
HPRegen  0.09/turn              g - +3 ring of strength
MPRegen  0.08/turn              (no ring)

@: no status effects
A: cold resistance 1
a: no special abilities


You were on level 1 of the Dungeon.
You were not hungry.

You visited 1 branch of the dungeon, and saw 2 of its levels.

You collected 118 gold pieces.

Inventory:

Hand Weapons
 a - a +0 long sword (weapon)
 l - a cursed -2 hunting sling
 o - a +1 vorpal spear
 p - a +2 spear of venom
Armour
 b - a +0 scale mail (worn)
 c - a +0 kite shield (worn)
 k - a scarf of spirit shield (worn)
 n - a +0 pair of gloves (worn)
 q - a +0 helmet (worn)
Jewellery
 g - a +3 ring of strength (left hand)
Wands
 r - a wand of disintegration (9)
Scrolls
 e - 2 scrolls of remove curse {unknown}
 h - 2 scrolls of amnesia {unknown}
 i - 3 scrolls of identify {unknown}
 j - a scroll of teleportation {unknown}
Potions
 d - a potion of might
 m - 2 potions of curing
Comestibles
 f - 4 rations


   Skills:
 + Level 3.5 Fighting
 * Level 3.0 Long Blades
 - Level 2.6 Armour
 + Level 1.3 Dodging
 - Level 2.6 Shields


You had 2 spell levels left.
You didn't know any spells.
Your spell library was empty.

Dungeon Overview and Level Annotations

Branches:
Dungeon (2/15)

Altars:

Annotations:
D:2 Jessica


Innate Abilities, Weirdness & Mutations

Your flesh is cold resistant. (rC+)


Message History

Jessica mumbles some strange words.
Jessica seems to speed up.
You see here 2 stones.
There is a stone staircase leading up here.
The gnoll hits you but does no damage.
Jessica casts a spell.
Jessica blinks!
You climb upwards.
There is a stone staircase leading down here.
You hit the gnoll.
The gnoll is heavily wounded.
The gnoll hits you with a +0 flail!
You hit the gnoll.
The gnoll is severely wounded.
The gnoll hits you with a +0 flail.
* * * LOW HITPOINT WARNING * * *
You closely miss the gnoll.
The gnoll is severely wounded.
The gnoll hits you with a +0 flail!
You die...

## ##### # .## #...# ## ..## ####
#...# #. ...###..# #...# #.
....#...# #...#######. ....#.###
##........... ......#
##....#######.
..#...##############............[
#........#.....g@.........######.
...........########......)# #..
......>....#####.....####(#####.#
.........#..#....#.######.....#.#
.........##...##..........###....
..............##..........# #....
......####.>...#..........###.##.
......# #................##.[##.
......# #...##................#.


You could see a gnoll.

Vanquished Creatures
  Robin (D:2)
  An adder (D:2)
  A gnoll (D:2)
  A ball python (D:2)
  2 bats
  6 goblins (D:2)
  9 hobgoblins
  3 kobolds (D:1)
  3 frilled lizards
  2 rats
29 creatures vanquished.

Notes
Turn   | Place    | Note
-------+----------+-------------------------------------------
     0 | D:1      | Faels the Demonspawn Fighter began the quest for the Orb.
     0 | D:1      | Reached XP level 1. HP: 18/18 MP: 1/1
   506 | D:1      | Gained mutation: Your flesh is cold resistant. (rC+)
                  | [demonic ancestry]
   506 | D:1      | Reached XP level 2. HP: 21/24 MP: 0/2
  1119 | D:2      | Reached skill level 1 in Dodging
  1224 | D:2      | Reached XP level 3. HP: 29/29 MP: 3/3
  1293 | D:2      | Noticed Robin
  1303 | D:2      | Killed Robin
  1560 | D:2      | Noticed Jessica
  1631 | D:1      | Slain by a gnoll

Levels and vault maps discovered:
D:1:      sevenhm_arrival_forest_fort_small_6, layout_rooms
D:2:      layout_loops_corners, minmay_joined_circles, uniq_robin, uniq_jessica

Skill      XL: |  1  2  3 |
---------------+----------+-----
Long Blades    | 2 3 |  3.0
Dodging        | 1 |  1.3
Fighting       | |  3.5
Armour         | |  2.6
Shields        | |  2.6

Action                   || total
-------------------------++-------
Melee: Long sword        ||   106
  Use: Potion            ||     1
  Eat: Chunk             ||     2
Armor: Scale mail        ||    42
Dodge: Dodged            ||    36
Block: Kite shield       ||    54
       Rpst.: Long sword ||     8

Table legend:
 A = Non-vault XP
 B = Vault XP
 C = Vault XP percentage of total XP
 D = Non-vault monster count
 E = Vault monster count
 F = Vault count percentage of total count
                 A         B        C        D         E       F
            +---------+---------+-------+---------+---------+-------
      Total |      57 |      28 |  32.9 |      21 |       8 |  27.6
            +---------+---------+-------+---------+---------+-------
        D:1 |      13 |       0 |   0.0 |       8 |       0 |   0.0
        D:2 |      44 |      28 |  38.9 |      13 |       8 |  38.1
            +---------+---------+-------+---------+---------+-------
